 Dungeon Crawl Stone Soup version 0.23.2-40-g277498a001 (webtiles) character file.

Game seed: 14269871425967449983

93 Curus the Chopper (level 4, -9/39 HPs)
             Began as a Hill Orc Abyssal Knight on Oct 23, 2019.
             Was a Believer of Lugonu.
             Mangled by an ogre
             ... wielding a +0 giant club
              (17 damage)
             ... on level 3 of the Dungeon.
             The game lasted 00:12:05 (2423 turns).

Curus the Chopper (Hill Orc Abyssal Knight)         Turns: 2423, Time: 00:12:05

Health: -9/39      AC:  6    Str: 14    XL:     4   Next: 61%
Magic:  7/7        EV:  9    Int: 12    God:    Lugonu [**....]
Gold:   151        SH:  0    Dex: 11    Spells: 3/3 levels left

rFire    . . .     SeeInvis .   e - +1 war axe (chop)
rCold    . . .     Gourm    .   (no shield)
rNeg     . . .     Faith    .   d - +0 scale mail
rPois    .         Spirit   .   (no helmet)
rElec    .         Reflect  .   (no cloak)
rCorr    .         Harm     .   (no gloves)
MR       .....                  (no boots)
Stlth    ..........             (no amulet)
HPRegen  0.13/turn              (no ring)
MPRegen  0.10/turn              (no ring)

@: no status effects
A: talons 1, no potion heal 1
a: Depart the Abyss, Bend Space, Renounce Religion


You were on level 3 of the Dungeon.
You worshipped Lugonu.
Lugonu was pleased with you.
You were hungry.

You visited 1 branch of the dungeon, and saw 3 of its levels.
You visited the Abyss 1 time.

You collected 151 gold pieces.

Inventory:

Hand Weapons
 a - a +1 hand axe
 e - a +1 war axe of chopping (weapon)
Armour
 b - a +0 leather armour
 d - a +0 scale mail (worn)
Scrolls
 f - 2 scrolls of remove curse
 g - a scroll of identify
Potions
 h - a potion of curing
 j - 2 potions of agility
Comestibles
 c - 5 rations


   Skills:
 - Level 3.6 Fighting
 + Level 4.7 Axes
 - Level 2.1 Armour
 - Level 0.7 Dodging
 + Level 4.6 Invocations


You had 3 spell levels left.
You didn't know any spells.
Your spell library was empty.

Dungeon Overview and Level Annotations

Branches:
Dungeon (3/15)

Altars:
Fedhas
Wu Jian


Innate Abilities, Weirdness & Mutations

You have sharp toenails.
Potions are less effective at restoring your health.


Message History

Lugonu accepts your kill.
You now have 151 gold pieces (gained 5).
You are feeling hungry.
HP restored.
You open the door.
There is an open door here.
You open the door.
An ogre comes into view. It is wielding a +0 giant club.
The ogre shouts!
There is an open door here.
You hit the ogre but do no damage. The ogre hits you with a +0 giant club!
You slash the ogre!
The ogre is severely wounded.
The ogre hits you with a +0 giant club!!
Ouch! That really hurt!
* * * LOW HITPOINT WARNING * * *
You barely miss the ogre.
The ogre is severely wounded.
The ogre hits you with a +0 giant club!
You die...

##+# ##...##
##.....## .
##.......## ... .
#.........####...#.
.
+.........'@O......
.
#.........####...#.
#.......## ...
##.....## . ##...##
##'## #.# #.# ##.##


You could see an ogre.

Vanquished Creatures
  A gnoll (D:1)
  An adder (D:2)
  2 worms
  A dart slug (D:2)
  A leopard gecko (D:2)
  An orc (D:3)
  2 ball pythons
  5 bats
  3 giant cockroaches
  8 goblins
  8 hobgoblins
  10 jackals
  2 quokkas
  3 frilled lizards
  7 kobolds
  3 rats (D:1)
58 creatures vanquished.

Notes
Turn   | Place    | Note
-------+----------+-------------------------------------------
     0 | Abyss:1  | Curus the Hill Orc Abyssal Knight began the quest for the
                  | Orb.
     0 | Abyss:1  | Reached XP level 1. HP: 19/19 MP: 2/2
    68 | Abyss:1  | Noticed a smoke demon
    72 | D:1      | Escaped the Abyss
   346 | D:1      | Reached XP level 2. HP: 20/26 MP: 4/4
   483 | D:1      | Reached * piety under Lugonu
   578 | D:1      | Gained mutation: Potions are less effective at restoring
                  | your health. [potion of mutation]
   578 | D:1      | Gained mutation: You have sharp toenails. [potion of
                  | mutation]
   713 | D:1      | Reached XP level 3. HP: 23/31 MP: 5/5
  1453 | D:2      | Found a blossoming altar of Fedhas.
  1552 | D:2      | Reached XP level 4. HP: 34/39 MP: 7/7
  1649 | D:2      | Reached ** piety under Lugonu
  2283 | D:3      | Found an ornate altar of the Wu Jian Council.
  2418 | D:3      | Noticed an ogre
  2423 | D:3      | Mangled by an ogre

Skill      XL: |  1  2  3 |
---------------+----------+-----
Axes           | 3 4 |  4.7
Invocations    | 3 4 |  4.6
Fighting       | |  3.6
Armour         | |  2.1
Dodging        | |  0.7

Action                   |  1- 3 |  4- 6 || total
-------------------------+-------+-------++-------
Melee: Hand axe          |   106 |    17 ||   123
       Kick              |     5 |     7 ||    12
       War axe           |       |    42 ||    42
Invok: Depart the Abyss  |     1 |       ||     1
  Use: Scroll            |     6 |       ||     6
       Potion            |     3 |     1 ||     4
  Eat: Ration            |     1 |       ||     1
       Chunk             |       |     1 ||     1
Armor: Scale mail        |    42 |    27 ||    69
Dodge: Dodged            |    59 |    32 ||    91
